 Dungeon Crawl Stone Soup version 0.29-a0-823-gc37b1572da (webtiles) character file.

Game seed: 18275134193711884422

561041 quixfox the Invulnerable (level 26, -5/290 HPs)
             Began as a Hill Orc Fighter on July 8, 2022.
             Was a High Priest of Okawaru.
             Killed from afar by a Killer Klown (17 damage)
             ... with a klown pie
             ... on level 2 of the Realm of Zot on July 9, 2022.
             The game lasted 06:20:55 (79816 turns).

quixfox the Invulnerable (Hill Orc Fighter)        Turns: 79816, Time: 06:20:56

Health: -5/290     AC: 54    Str: 33      XL:     26   Next: 64%
Magic:  7/29       EV: 12    Int: 17      God:    Okawaru [*****.]
Gold:   2484       SH:  5    Dex: 18 (19) Spells: 19/25 levels left

rFire   + + +      SeeInvis +   F - +12 battleaxe "Gomuh" {holy, Dex+4}
rCold   + . .      Faith    .   (shield currently unavailable)
rNeg    + . .      Spirit   .   G - +1 crystal plate armour of Fortitude {Will+}
rPois   +          Reflect  +   h - +2 helmet {Int+3}
rElec   +          Harm     .   H - +2 cloak {rPois}
rCorr   +          Rampage  .   J - +2 pair of gloves "Kekhlam" {*Corrode rElec rF++ Str+4}
Will    +++..                   u - +3 pair of boots "Jomypt" {rC+ Dex+3 Stlth+}
Stlth   ..........              l - amulet of reflection
HPRegen 0.00/turn               Y - ring "Lakham" {rPois rN+ Int+3 SInv Stlth-}
MPRegen 0.21/turn               m - ring "Ontun" {rF+ rCorr AC+4 Int+3}

@: about to teleport, finesse-ful, vertiginous, on berserk cooldown, inhibited
regen, slowed, studying Unarmed Combat, unable to drink, very slow
A: hooves 1, deterioration 1, strong-willed 1, robust 1, inhibited regeneration
}: 3/15 runes: barnacled, silver, gossamer
a: Renounce Religion, Heroism, Finesse, Duel


You were on level 2 of the Realm of Zot.
You worshipped Okawaru.
Okawaru was extremely pleased with you.
You visited 10 branches of the dungeon, and saw 46 of its levels.
You visited the Abyss 1 time.
You also visited: Trove and Volcano.

You collected 6993 gold pieces.
You spent 4509 gold pieces at shops.

Inventory:

Hand Weapons
 a - a +9 executioner's axe of electrocution
 b - a +7 battleaxe of flaming
 F - the +12 battleaxe "Gomuh" (weapon) {holy, Dex+4}
   (You took it off a guardian mummy on level 2 of the Realm of Zot)

   It has been blessed by the Shining One to cause great damage to the undead
   and demons.
   Dex:       It affects your dexterity (+4).
Missiles
 w - 20 silver javelins (quivered)
 z - 7 boomerangs
 B - 30 javelins
Armour
 h - a +2 helmet of intelligence (worn)
 u - the +3 pair of boots "Jomypt" (worn) {rC+ Dex+3 Stlth+}
   (You found it in a treasure trove)

   Dex:       It affects your dexterity (+3).
   rC:        It protects you from cold.
   Stlth:     It makes you more stealthy.
 E - a +3 crystal plate armour
 G - the +1 crystal plate armour of Fortitude (worn) {Will+}
   (You found it in a treasure trove)

   Will:      It increases your willpower.
 H - a +2 cloak of poison resistance (worn)
 J - the +2 pair of gloves "Kekhlam" (worn) {*Corrode rElec rF++ Str+4}
   (You found it in a treasure trove)

   Str:       It affects your strength (+4).
   rF:        It greatly protects you from fire.
   rElec:     It insulates you from electricity.
   *Corrode:  It may corrode you when you take damage.
 K - a +6 plate armour of fire resistance
 S - the +3 crown of Dyrovepreva {rElec Int+2 SInv}
   (You found it on level 4 of the Vaults)

   Int:       It affects your intelligence (+2).
   rElec:     It insulates you from electricity.
   SInv:      It lets you see invisible.
 Z - the +1 pair of gloves of the Gods {rElec Slay+2}
   (You found it on level 5 of the Vaults)

   Slay:      It affects your accuracy & damage with ranged weapons and melee
   (+2).
   rElec:     It insulates you from electricity.
Jewellery
 l - an amulet of reflection (around neck)
 m - the ring "Ontun" (right hand) {rF+ rCorr AC+4 Int+3}
   (You bought it in a shop on level 2 of the Orcish Mines)

   [ring of protection]

   AC:        It affects your AC (+4).
   Int:       It affects your intelligence (+3).
   rF:        It protects you from fire.
   rCorr:     It protects you from acid and corrosion.
 N - the ring "Yhitemude" {*Slow rN+++ Will- rCorr Slay+2}
   (You found it on level 2 of the Lair of Beasts)

   [ring of resist corrosion]

   Slay:      It affects your accuracy & damage with ranged weapons and melee
   (+2).
   rN:        It renders you almost immune to negative energy.
   rCorr:     It protects you from acid and corrosion.
   *Slow:     It may slow you when you take damage.
   Will:      It decreases your willpower.
 V - a +4 ring of slaying
 W - the amulet of the Centipede {+Blink Regen+ Stlth+}
   (You found it on level 1 of the Vaults)

   [amulet of regeneration]

   +Blink:    It lets you blink.
   Regen:     It increases your rate of health regeneration.
   Stlth:     It makes you more stealthy.
 Y - the ring "Lakham" (left hand) {rPois rN+ Int+3 SInv Stlth-}
   (You bought it in a shop on level 3 of the Elven Halls)

   [ring of positive energy]

   Int:       It affects your intelligence (+3).
   rPois:     It protects you from poison.
   rN:        It protects you from negative energy.
   SInv:      It lets you see invisible.
   Stlth:     It makes you less stealthy.
Wands
 n - a wand of mindburst (20)
 s - a wand of roots (40)
 y - a wand of acid (6)
 A - a wand of flame (89)
 C - a wand of polymorph (5)
Scrolls
 e - a scroll of enchant weapon
 i - a scroll of silence
 q - 16 scrolls of teleportation
 v - 7 scrolls of poison
 x - 9 scrolls of magic mapping
 D - a scroll of amnesia
 I - 4 scrolls of blinking
 P - 10 scrolls of fog
 R - a scroll of brand weapon
 X - 5 scrolls of fear
Potions
 c - 4 potions of haste
 d - 6 potions of might
 f - 9 potions of lignification
 g - 12 potions of curing
 j - 7 potions of invisibility
 k - 8 potions of cancellation
 o - 13 potions of flight
 p - 3 potions of brilliance
 r - 10 potions of heal wounds
 t - 6 potions of mutation
 O - 14 potions of ambrosia
 Q - 7 potions of resistance
 T - 7 potions of berserk rage


   Skills:
 + Level 26.5 Fighting
 - Level 24.0 Axes
 - Level 16.0 Throwing
 O Level 27 Armour
 + Level 17.4 Dodging
 - Level 3.2 Shields
 + Level 11.8 Translocations
 - Level 8.5 Invocations


You had 19 spell levels left.
You knew the following spells:

 Your Spells              Type           Power      Damage    Failure   Level
a - Blink                 Tloc           80%        N/A       4%          2
b - Passage of Golubria   Tloc           40%        N/A       17%         4

Your spell library contained the following spells:

 Spells                   Type           Power      Damage    Failure   Level
 Lesser Beckoning         Tloc           40%        N/A       7%          3
 Manifold Assault         Tloc           40%        N/A       36%         5
 Portal Projectile        Hex/Tloc       40%        N/A       43%         3
 Iskenderun's Mystic Bla  Conj/Tloc      20%        2d6       80%         4
 Freeze                   Ice            0%         1d3       83%         1
 Magic Dart               Conj           0%         1d3       83%         1
 Necrotise                Necr           0%         1d4       83%         1
 Sandblast                Erth           0%         2d4       83%         1
 Sting                    Tmut/Pois      0%         1d3       83%         1
 Ensorcelled Hibernation  Hex/Ice        0%         N/A       92%         2
 Poisonous Vapours        Pois/Air       0%         N/A       92%         2
 Scorch                   Fire           0%         2d5       92%         2
 Searing Ray              Conj           0%         2d4       92%         2
 Conjure Flame            Conj/Fire      0%         6-21      99%         3
 Dazzling Flash           Conj/Hex       0%         N/A       99%         3
 Frozen Ramparts          Ice            0%         1d2       99%         3
 Ignite Poison            Fire/Tmut/Pois 0%         N/A       99%         3
 Inner Flame              Hex/Fire       0%         N/A       99%         3
 Mephitic Cloud           Conj/Pois/Air  0%         N/A       99%         3
 Spider Form              Tmut/Pois      0%         N/A       99%         3
 Vampiric Draining        Necr           0%         2d6       99%         3
 Anguish                  Hex/Necr       0%         N/A       100%        4
 Corpse Rot               Necr/Pois/Air  0%         N/A       100%        4
 Flame Wave               Conj/Fire      0%         2d4       100%        4
 Fulminant Prism          Conj/Hex       0%         3d6       100%        4
 Hailstorm                Conj/Ice       0%         3d3       100%        4
 Ice Form                 Ice/Tmut       0%         N/A       100%        4
 Leda's Liquefaction      Hex/Erth       0%         N/A       100%        4
 Olgreb's Toxic Radiance  Pois           0%         N/A       100%        4
 Petrify                  Tmut/Erth      0%         N/A       100%        4
 Sticky Flame             Conj/Fire      0%         2d3       100%        4
 Agony                    Necr           0%         N/A       100%        5
 Fireball                 Conj/Fire      0%         3d3       100%        5
 Freezing Cloud           Conj/Ice/Air   0%         6-21      100%        5
 Iskenderun's Battlesphe  Conj           0%         2d6       100%        5
 Lee's Rapid Deconstruct  Erth           0%         3d5*      100%        5
 Metabolic Englaciation   Hex/Ice        0%         N/A       100%        5
 Silence                  Hex/Air        0%         N/A       100%        5
 Yara's Violent Unravell  Hex/Tmut       0%         3d3       100%        5
 Conjure Ball Lightning   Conj/Air       0%         3x3d6     100%        6
 Eringya's Noxious Bog    Tmut/Pois      0%         N/A       100%        6
 Iron Shot                Conj/Erth      0%         9d1       100%        6
 Starburst                Conj/Fire      0%         6d3       100%        6
 Statue Form              Tmut/Erth      0%         N/A       100%        6
 Orb of Destruction       Conj           0%         9d5       100%        7
 Lehudib's Crystal Spear  Conj/Erth      0%         10d2      100%        8
 Polar Vortex             Ice            0%         N/A       100%        9
 Shatter                  Erth           0%         3d5*      100%        9
 Tukima's Dance           Hex            Unusable   N/A       N/A         3
 Summon Mana Viper        Hex/Summ       Unusable   N/A       N/A         5
 Simulacrum               Ice/Necr       Unusable   N/A       N/A         6
 Summon Cactus Giant      Summ           Unusable   N/A       N/A         6
 Spellforged Servitor     Conj/Summ      Unusable   N/A       N/A         7

Dungeon Overview and Level Annotations

Branches:
Dungeon (15/15)            Temple (1/1) D:5            Lair (6/6) D:8
 Shoals (4/4) Lair:4       Spider (4/4) Lair:3        Slime (0/5) Lair:5
    Orc (2/2) D:11            Elf (3/3) Orc:2        Vaults (5/5) D:13
  Crypt (0/3) Vaults:2     Depths (4/4) D:15            Zot (2/5) Depths:4
Volcano (visited)

Altars:
Ashenzari
Cheibriados
Dithmenos
Elyvilon
Fedhas
Gozag
Hepliaklqana
Kikubaaqudgha
Makhleb
Nemelex Xobeh
Okawaru
Qazlal
Ru
Sif Muna
Trog
Uskayaw
Vehumet
Wu Jian
Xom
Yredelemnul
Zin
The Shining One
Beogh
Jiyva

Shops:
D:11 [*   Orc:1 [   Orc:2 =[*!:   Elf:1 (   Elf:3 =:=   Shoals:1 :   Shoals:3 ?
Vaults:1 ?   Vaults:2 [   Vaults:5 =   Depths:2 (

Portals:
Hell: Depths:1 Depths:2 Depths:3 Depths:4
Abyss: Depths:2 Depths:3
Pandemonium: Depths:2*
Ziggurat: Depths:3

Annotations:
Orc:2 1 runed translucent door, mdonais's ghost, journeyman OpHu
Zot:2 8 runed translucent doors


Innate Abilities, Weirdness & Mutations

You have large cloven feet.
Your body sometimes deteriorates upon taking damage.
You are strong-willed. (Will+)
You are robust. (+10% HP)
You do not regenerate when monsters are visible.


Message History

The death cob drains your vigour!
You feel as though you will be slow longer.
You feel your intelligence returning.
You hit the death cob but do no damage. The death cob completely misses you.
You completely miss the death cob.
The death cob hits you but does no damage.
You slice the death cob!!
The death cob convulses.
The death cob is moderately damaged.
The death cob hits you but does no damage.
The Killer Klown pies you viciously! The klown pie hits you!!!
Lemon!
You feel unable to drink.
* * * LOW HITPOINT WARNING * * *
As you read the scroll of teleportation, it crumbles to dust.
You feel strangely unstable.
You feel the Orb delaying your translocation!
The death cob barely misses you.
The death cob hits you but does no damage. x2
The death cob hits you.
* * * LOW HITPOINT WARNING * * *
The death cob drains your vigour!
You feel as though you will be slow longer.
The golden dragon breathes cold at you.
The bolt of cold hits the death cob!!
The death cob resists.
The bolt of cold hits you! You resist.
* * * LOW HITPOINT WARNING * * *
Unknown command.
You cannot drink potions in your current state!
As you read the scroll of fog, it crumbles to dust.
The scroll dissolves into smoke.
The death cob hits you!
* * * LOW HITPOINT WARNING * * *
The death cob hits you.
* * * LOW HITPOINT WARNING * * *
The death cob hits you but does no damage. x2
You cannot drink potions in your current state!
The death cob hits you but does no damage.
The death cob closely misses you. The Killer Klown pies you viciously!
The klown pie hits you!
Lemon!
You feel your inability to drink will last longer.
You die...

..##...##...#...####...########..
..*#...##.......#* #...# #..
..*#...###.......# ##### #..
##*##### #.......# ###
,,*,,,***#...#...# ***** #
,,*,,,*,,.##...#########*,,,* #
,,,,,,,,.......§§§D.....,,,,* #
,,**,,,,,,*#..p§z##******,,,*
,,**,,,****###.§@§# *,,,*
,,**,,,* ***#..§.### *,,,*
**********#...#.....##***,,,*
,,,,,,,,,............#*,,,*,**
*********##.........[#*,,,,,,*
####...#...##,,,#######
######...#####.....#
#.).##..##'#'## #...†#§..≈...≈.


You could see a Killer Klown and a death cob.

Vanquished Creatures
  6 dread liches
  2 orbs of fire (Zot:1)
  An ancient lich (Vaults:4)
  Boris (Depths:4)
  Vv (Depths:4)
  9 Killer Klowns
  Bai Suzhen (Vaults:4)
  Saint Roka (Depths:1)
  7 caustic shrikes
  11 golden dragons
  The ghost of gdog the Unseen, a veteran GnDe of Gozag (Vaults:4)
  Jory (Depths:4)
  the Enchantress (Depths:4)
  2 bone dragons (Depths:2)
  2 hellephants (Depths:2)
  Arachne (Spider:2)
  An electric golem (Zot:1)
  9 tentacled monstrosities
  5 liches
  3 titans
  2 deep elf blademasters
  2 walking frostbound tomes (Depths:3)
  A kraken (Shoals:3)
  Frances (Elf:1)
  5 quicksilver dragons
  2 deep elf master archers (Elf:3)
  4 death cobs (Zot:1)
  6 sphinxes
  The ghost of Sink the Warrior, an adept MiBe of Trog (Shoals:2)
  Kirke (D:13)
  6 tengu reavers
  13 shadow dragons
  2 draconian monks (Depths:4)
  15 storm dragons
  12 fire giants
  3 emperor scorpions (Spider:4)
  3 iron dragons
  2 juggernaut zombies
  2 ghost moths
  10 frost giants
  An emperor scorpion (shapeshifter) (Vaults:4)
  7 deep elf sorcerers
  A fire giant (shapeshifter) (Depths:3)
  A cacodemon (Abyss:2)
  11 vault wardens
  3 orc warlords (Vaults:4)
  A balrug (Depths:4)
  2 draconian stormcallers (Depths:4)
  A draconian scorcher (Depths:4)
  A reaper (Depths:4)
  2 draconian annihilators (Depths:4)
  7 deep elf elementalists
  4 spriggan defenders
  16 stone giants
  2 juggernaut skeletons (Depths:2)
  10 ironbound preservers
  6 ironbound thunderhulks
  22 very ugly things
  4 green draconians
  10 black draconians
  Nessos (D:12)
  13 entropy weavers
  6 deep elf demonologists
  3 vampire knights
  3 purple draconians
  4 yellow draconians
  11 deep elf annihilators
  4 white draconians
  18 spark wasps
  16 dire elephants
  A spark wasp (shapeshifter) (Depths:1)
  5 red draconians
  7 ettins
  3 merfolk javelineers
  2 deep elf death magi
  3 crystal guardians (Elf:3)
  2 blizzard demons
  8 merfolk impalers
  2 great orbs of eyes
  28 yaktaur captains
  6 deep elf high priests
  5 ice dragons
  39 vault guards
  Harold (Lair:2)
  9 fire dragons
  9 hydras
  5 rakshasas
  3 ogre magi
  6 ironbound frosthearts
  4 jorogumos (Spider:4)
  2 spriggan skeletons (Depths:2)
  2 radroaches
  An anaconda (shapeshifter) (Elf:3)
  2 catoblepae (D:14)
  6 merfolk aquamancers
  2 merfolk avatars
  9 spriggan air magi
  2 satyrs (Shoals:2)
  5 boulder beetles
  8 centaur warriors
  23 dancing weapons
  12 two-headed ogres
  6 death yaks
  A tengu warrior (Depths:4)
  7 deep troll shamans
  A storm dragon zombie (Depths:3)
  15 hell hogs
  5 deep troll earth magi
  9 spriggan berserkers
  3 thrashing horrors (Abyss:2)
  7 hell knights (Depths:1)
  3 soul eaters
  5 orc high priests
  3 titan skeletons (Depths:2)
  3 sun demons
  20 deep elf knights
  7 iron trolls
  5 shadow wraiths (Depths:4)
  12 skeletal warriors
  A spark wasp zombie (Depths:3)
  15 pharaoh ants
  16 sea snakes
  2 quicksilver dragon simulacra (Depths:4)
  3 sun moths
  A swamp dragon (Lair:6)
  10 orb spiders
  2 storm dragon skeletons
  A spriggan simulacrum (Depths:3)
  A flayed ghost (Vaults:5)
  A glowing orange brain (shapeshifter) (Vaults:4)
  A glowing orange brain (Abyss:2)
  2 swamp dragons (shapeshifter)
  8 steelbarb worms
  A deep troll (shapeshifter) (Depths:1)
  7 harpies
  6 starcursed masses (Abyss:2)
  Pikel (D:6)
  28 deep trolls
  4 wizards
  17 lindwurms
  23 deep elf pyromancers
  3 necromancers
  7 phantasmal warriors
  A golden dragon skeleton (Depths:2)
  16 deep elf archers
  18 ironbound convokers
  13 orc knights
  20 deep elf zephyrmancers
  A salamander (D:15)
  2 shadow dragon skeletons (Depths:2)
  5 orc sorcerers (Orc:2)
  15 wolf spiders
  A shining eye (shapeshifter) (Vaults:4)
  7 fauns
  6 large abominations (Abyss:2)
  4 tengu skeletons (Depths:2)
  43 ugly things
  8 cyclopes
  A faun (shapeshifter) (Vaults:5)
  19 moths of wrath
  14 manticores
  7 black mambas
  Joseph (D:8)
  2 apocalypse crabs (Abyss:2)
  3 frost giant skeletons
  A fire giant skeleton (Depths:2)
  A rust devil (Abyss:2)
  2 smoke demons (Abyss:2)
  An ice statue (Depths:4)
  22 elephants
  4 merfolk sirens
  A torpor snail (Spider:2)
  14 vault sentinels
  2 molten gargoyles (Volcano)
  2 orange demons
  A gargoyle (D:13)
  9 water nymphs
  15 cane toads
  Maggie (D:6)
  3 rime drakes
  3 kobold demonologists (D:11)
  44 yaktaurs
  13 demonic crawlers
  6 freezing wraiths
  3 ice devils
  2 efreet
  4 guardian mummies (Zot:2)
  2 ancient zymes (Abyss:2)
  12 komodo dragons
  7 polar bears
  A queen bee (Spider:4)
  19 merfolk
  3 tengu conjurers
  3 trolls
  2 meliai (shapeshifter)
  7 wind drakes
  6 hornets
  41 tarantellas
  20 slime creatures
  15 blink frogs
  6 small abominations (Abyss:2)
  14 snapping turtles
  9 meliai
  A raiju (Abyss:2)
  A raiju (shapeshifter) (D:12)
  A slime creature (shapeshifter) (Depths:4)
  36 jumping spiders
  9 dream sheep
  2 shadows
  2 air elementals (Elf:1)
  13 flying skulls (Depths:2)
  An ettin skeleton (Depths:1)
  24 culicivoras
  An elf simulacrum (Vaults:2)
  A vampire (D:11)
  5 spriggans
  3 ynoxinuls
  19 water elementals
  A fire elemental (Elf:2)
  82 yaks
  Eustachio (D:5)
  3 wraiths
  2 wyverns
  13 humans
  A basilisk (Lair:2)
  2 fire bats (Volcano)
  3 chaos spawn (Abyss:2)
  56 redbacks
  3 vampire mosquitoes (D:13)
  4 neqoxecs (Abyss:2)
  A steam dragon (D:10)
  6 wargs
  6 acid dragons
  22 water moccasins
  2 ice beasts
  A human skeleton (Depths:2)
  4 glowing shapeshifter skeletons (Depths:2)
  A swamp drake (Lair:6)
  20 orc warriors
  2 black bears
  11 ogres
  5 boggarts
  4 centaurs
  4 lemures (D:5)
  2 phantoms
  11 wolves
  3 kobold brigands
  Blork the orc (D:4)
  8 bullfrogs
  6 earth elementals
  3 necrophages
  2 scorpions (D:6)
  8 wights
  24 killer bees
  5 howler monkeys
  An electric eel (Spider:3)
  A crimson imp (Spider:4)
  3 lava snakes (Volcano)
  24 orc priests
  A quasit (Abyss:2)
  2 hounds
  3 gnoll boudas
  2 jellies (D:5)
  8 iguanas
  Ijyb (D:4)
  35 orc wizards
  Robin (D:4)
  21 gnolls
  5 adders
  3 shadow imps
  An ufetubus (Vaults:2)
  4 worms
  3 dart slugs
  59 orcs
  4 ball pythons
  2 bats
  2 endoplasms
  6 giant cockroaches
  16 goblins
  6 hobgoblins
  5 jackals
  4 quokkas
  3 frilled lizards
  19 kobolds
  6 rats
  A bush (Lair:3)
  A butterfly (Zot:2)
  A plant (Shoals:1)
  5 tentacles (Shoals:3)
2084 creatures vanquished.

Vanquished Creatures (others)
  A shadow dragon (Vaults:5)
  An ogre mage (Vaults:4)
  A wizard (D:4)
  A tengu skeleton (Depths:4)
  A deep elf zephyrmancer (Elf:3)
  A deep elf pyromancer (Elf:2)
  A manticore (Shoals:3)
  A tengu conjurer (Depths:1)
  A tarantella (Spider:4)
  4 ettin simulacra (Depths:4)
  2 small abominations (Abyss:2)
  22 fungi
  64 plants
  6 tentacles (Shoals:3)
107 creatures vanquished.

Grand Total: 2191 creatures vanquished

Notes
Turn   | Place    | Note
-------+----------+-------------------------------------------
     0 | D:1      | quixfox the Hill Orc Fighter began the quest for the Orb.
     0 | D:1      | Reached XP level 1. HP: 19/19 MP: 1/1
   118 | D:1      | Found a faded altar of an unknown god.
   173 | D:1      | Reached XP level 2. HP: 27/27 MP: 2/2
   574 | D:1      | Reached XP level 3. HP: 28/33 MP: 3/3
  1018 | D:2      | Reached XP level 4. HP: 16/40 MP: 4/4
  1334 | D:2      | Noticed a necrophage
  1345 | D:2      | Killed a necrophage
  1346 | D:2      | Reached skill level 5 in Axes
  1346 | D:2      | Reached skill level 4 in Armour
  1346 | D:2      | Reached XP level 5. HP: 42/47 MP: 5/5
  1784 | D:3      | Found an iron altar of Okawaru.
  1811 | D:3      | Became a worshipper of Warmaster Okawaru
  2156 | D:3      | Found a broken altar of Ashenzari.
  2192 | D:4      | Noticed Blork the orc
  2202 | D:4      | Killed Blork the orc
  2203 | D:4      | Reached skill level 5 in Fighting
  2203 | D:4      | Reached XP level 6. HP: 41/56 MP: 6/6
  2358 | D:4      | Noticed Ijyb
  2363 | D:4      | Killed Ijyb
  2524 | D:4      | Found a snail-covered altar of Cheibriados.
  2612 | D:4      | Noticed Robin
  2637 | D:4      | Killed Robin
  2803 | D:4      | Found an opulent altar of Gozag.
  2973 | D:4      | Found a bloodstained altar of Trog.
  2975 | D:4      | Noticed a wizard
  2980 | D:4      | Killed a wizard
  3097 | D:5      | Entered Level 5 of the Dungeon
  3139 | D:5      | Reached skill level 5 in Armour
  3139 | D:5      | Reached XP level 7. HP: 59/61 MP: 7/7
  3144 | D:5      | Reached * piety under Okawaru
  3279 | D:5      | Reached skill level 1 in Invocations
  3375 | D:5      | Reached XP level 8. HP: 58/70 MP: 9/9
  3379 | D:5      | Reached ** piety under Okawaru
  3675 | D:5      | Found an ancient bone altar of Kikubaaqudgha.
  3743 | D:5      | Found a staircase to the Ecumenical Temple.
  3752 | Temple   | Entered the Ecumenical Temple
  3886 | D:6      | Noticed Eustachio
  3888 | D:6      | Noticed Pikel
  4341 | D:5      | Killed Eustachio
  4479 | D:5      | Reached skill level 6 in Armour
  4542 | D:6      | Killed Pikel
  4543 | D:6      | Reached skill level 10 in Axes
  4569 | D:6      | Reached XP level 9. HP: 72/79 MP: 12/12
  4578 | D:6      | Reached *** piety under Okawaru
  4627 | D:6      | Noticed Maggie
  4648 | D:6      | Killed Maggie
  4649 | D:6      | Reached skill level 5 in Invocations
  5142 | D:6      | Reached skill level 7 in Armour
  5991 | D:7      | Reached **** piety under Okawaru
  6679 | D:7      | Reached XP level 10. HP: 90/90 MP: 14/14
  7013 | D:8      | Noticed Joseph
  7035 | D:8      | Killed Joseph
  7036 | D:8      | Reached skill level 8 in Armour
  7330 | D:8      | Found a sacrificial altar of Ru.
  7359 | D:8      | Reached ***** piety under Okawaru
  7477 | D:8      | Found a staircase to the Lair.
  7479 | D:8      | Noticed a death yak
  7481 | D:8      | Noticed a death yak
  7511 | D:8      | Killed a death yak
  7940 | D:8      | Noticed a death yak
  7968 | D:8      | Killed a death yak
  7980 | D:8      | Killed a death yak
  7984 | D:8      | Reached XP level 11. HP: 34/99 MP: 17/17
  8701 | D:9      | Reached skill level 9 in Armour
  8760 | D:9      | Reached skill level 1 in Throwing
  8973 | D:9      | Reached skill level 10 in Fighting
  9458 | D:9      | Found a glowing silver altar of Zin.
  9640 | D:10     | Entered Level 10 of the Dungeon
 10221 | D:10     | Reached skill level 15 in Axes
 10438 | D:10     | Reached ****** piety under Okawaru
 10594 | D:10     | Noticed a two-headed ogre
 10598 | D:10     | Killed a two-headed ogre
 10909 | D:11     | Found Xyostrynt's Antique Armour Shoppe.
 10909 | D:11     | Found a staircase to the Orcish Mines.
 10913 | D:11     | Bought a glowing cloak for 202 gold pieces
 10947 | D:11     | Identified the +1 cloak of Paranoia {rPois} (Okawaru gifted
                  | it to you on level 11 of the Dungeon)
 10947 | D:11     | Received a gift from Okawaru
 11128 | D:11     | Noticed a manticore
 11130 | D:11     | Killed a manticore
 11131 | D:11     | Reached skill level 10 in Armour
 11134 | D:11     | Noticed a manticore
 11140 | D:11     | Killed a manticore
 11255 | D:11     | Reached XP level 12. HP: 110/110 MP: 18/18
 11287 | D:11     | Noticed an eight-headed hydra
 11292 | D:11     | Killed a five-headed hydra
 11618 | D:11     | Found Vuezinar's General Store.
 11735 | D:12     | Noticed a two-headed ogre
 11743 | D:12     | Killed a two-headed ogre
 12232 | D:12     | Noticed Nessos
 12241 | D:12     | Paralysed by Nessos for 3 turns
 12250 | D:12     | Killed Nessos
 12441 | D:13     | Noticed a two-headed ogre
 12441 | D:13     | Noticed a two-headed ogre
 12441 | D:13     | Noticed a two-headed ogre
 12442 | D:13     | Noticed an ogre mage
 12450 | D:12     | Killed a two-headed ogre
 12496 | D:13     | Noticed a two-headed ogre
 12500 | D:12     | Received a gift from Okawaru
 12505 | D:12     | Killed a two-headed ogre
 12506 | D:12     | Reached skill level 5 in Throwing
 12640 | D:13     | Noticed a two-headed ogre
 12647 | D:12     | Killed a two-headed ogre
 12647 | D:12     | Killed a two-headed ogre
 12647 | D:12     | Received a gift from Okawaru
 12648 | D:12     | Reached skill level 11 in Armour
 12932 | D:13     | Killed a two-headed ogre
 12934 | D:13     | Killed an ogre mage
 12987 | D:13     | You fall into a shaft and drop 2 floors!
 12987 | D:15     | Entered Level 15 of the Dungeon
 12996 | D:15     | Noticed a six-headed hydra
 13011 | D:14     | Noticed an eight-headed hydra
 13018 | D:14     | Killed a six-headed hydra
 13045 | D:13     | Received a gift from Okawaru
 13046 | D:13     | Reached XP level 13. HP: 106/118 MP: 19/19
 13282 | D:13     | Received a gift from Okawaru
 13690 | D:13     | Noticed a vault guard
 13690 | D:13     | Noticed a vault guard
 13691 | D:13     | Noticed a vault guard
 13694 | D:13     | Noticed a vault guard
 13702 | D:13     | Killed a vault guard
 13715 | D:13     | Killed a vault guard
 13721 | D:13     | Killed a vault guard
 13727 | D:13     | Killed a vault guard
 14036 | D:13     | Found a gate to the Vaults.
 14059 | D:13     | Noticed a vault guard
 14073 | D:13     | Killed a vault guard
 14134 | D:13     | Noticed Kirke
 14141 | D:13     | Killed Kirke
 14142 | D:13     | Reached skill level 12 in Armour
 14169 | D:13     | Noticed a vault guard
 14184 | D:13     | Killed a vault guard
 14698 | D:13     | Noticed a vault guard
 14706 | D:13     | Killed a vault guard
 15323 | Lair:1   | Entered Level 1 of the Lair of Beasts
 15325 | Lair:1   | Received a gift from Okawaru
 15382 | Lair:1   | Identified a scroll of acquirement
 15382 | Lair:1   | Acquired a +2 executioner's axe of electrocution
 15682 | Lair:1   | Reached XP level 14. HP: 129/129 MP: 20/20
 15739 | Lair:1   | Received a gift from Okawaru
 16350 | Lair:2   | Identified the ring "Yhitemude" {*Slow rN+++ Will- rCorr
                  | Slay+2}
 16419 | Lair:2   | Found a dark tunnel.
 16470 | Volcano  | Entered a volcano
 16501 | Volcano  | Received a gift from Okawaru
 16689 | Volcano  | Found a bloodstained altar of Trog.
 16781 | Volcano  | Noticed a red draconian
 16787 | Volcano  | Killed a red draconian
 17278 | Lair:2   | Noticed Harold
 17305 | Lair:2   | Killed Harold
 17853 | Lair:3   | Received a gift from Okawaru
 17874 | Lair:3   | Reached skill level 13 in Armour
 18538 | Lair:3   | Found a hole to the Spider Nest.
 19298 | Lair:4   | Found a staircase to the Shoals.
 19458 | Lair:4   | You fall into a shaft and drop 1 floor!
 19460 | Lair:5   | Received a gift from Okawaru
 20125 | Lair:5   | Received a gift from Okawaru
 20126 | Lair:5   | Reached XP level 15. HP: 92/139 MP: 21/21
 20419 | Lair:5   | Identified the +1 robe "Suros" {+Blink rCorr Stlth+}
                  | (Okawaru gifted it to you on level 5 of the Lair of Beasts)
 20419 | Lair:5   | Received a gift from Okawaru
 21241 | Lair:5   | Found a staircase to the Slime Pits.
 21241 | Lair:5   | Found a viscous altar of Jiyva.
 21308 | Lair:6   | Entered Level 6 of the Lair of Beasts
 21343 | Lair:6   | Reached skill level 15 in Fighting
 21975 | Lair:6   | Received a gift from Okawaru
 21980 | Lair:6   | Reached skill level 14 in Armour
 22539 | Lair:6   | Identified the +1 ring mail "Aqicocum" {rPois MP-9 Str+7}
 22951 | Orc:1    | Entered Level 1 of the Orcish Mines
 23332 | Orc:2    | Entered Level 2 of the Orcish Mines
 23559 | Orc:1    | Found Jurphyt's Armour Shoppe.
 24023 | Orc:2    | Found a runed translucent door.
 24033 | Orc:2    | Noticed mdonais's ghost (journeyman OpHu)
 24039 | Orc:2    | Found Jasulal's Book Emporium.
 24091 | Orc:2    | Found a staircase to the Elven Halls.
 24158 | Orc:2    | Paralysed by an orc sorcerer for 3 turns
 24275 | Orc:2    | Paralysed by an orc sorcerer for 5 turns
 25050 | Orc:2    | Found Nibys's Distillery.
 25050 | Orc:2    | Found Nyroc's Armour Shoppe.
 25053 | Orc:2    | Found Poras's Assorted Antiques.
 25053 | Orc:2    | Found Pingirgh's Jewellery Shoppe.
 25104 | Orc:2    | Bought an amulet of reflection for 450 gold pieces
 25104 | Orc:2    | Bought the ring "Ontun" {rF+ rCorr AC+4 Int+3} for 928 gold
                  | pieces
 25115 | Orc:2    | Bought a scroll of enchant weapon for 277 gold pieces
 25382 | D:14     | Received a gift from Okawaru
 25431 | D:14     | Reached XP level 16. HP: 149/149 MP: 22/22
 26393 | D:15     | Found a staircase to the Depths.
 26412 | D:15     | Reached skill level 10 in Throwing
 26836 | D:15     | Found a burning altar of Makhleb.
 27368 | Spider:1 | Entered Level 1 of the Spider Nest
 27386 | Spider:1 | Received a gift from Okawaru
 27450 | Spider:1 | Received a gift from Okawaru
 27890 | Spider:2 | Identified the +8 scale mail "Rugg" {rN+ Dex+2 Slay+2 SInv}
                  | (Okawaru gifted it to you on level 2 of the Spider Nest)
 27890 | Spider:2 | Received a gift from Okawaru
 28392 | Spider:2 | Reached skill level 15 in Armour
 28437 | Spider:1 | HP: 5/152 [wolf spider (8)]
 28446 | Spider:1 | HP: 7/152 [poisoned by a wolf spider]
 28939 | Spider:2 | Noticed Arachne
 28962 | Spider:2 | Killed Arachne
 28965 | Spider:2 | HP: 2/152 [disintegration (38)]
 28994 | Spider:2 | HP: 6/152 [moth of wrath (10)]
 29902 | Spider:2 | Reached XP level 17. HP: 144/160 MP: 23/23
 30033 | Spider:2 | Received a gift from Okawaru
 30034 | Spider:2 | Reached skill level 1 in Dodging
 30936 | Spider:3 | Upgraded the game from 0.29-a0-821-g66395355a5 to
                  | 0.29-a0-823-gc37b1572da
 31694 | Spider:4 | Entered Level 4 of the Spider Nest
 31725 | Spider:3 | Received a gift from Okawaru
 32345 | Spider:4 | Reached skill level 16 in Armour
 33391 | Spider:4 | Got a gossamer rune of Zot
 33677 | Spider:4 | Paralysed by a jorogumo for 1 turns
 34290 | Spider:4 | Received a gift from Okawaru
 34708 | Spider:4 | Found the +3 pair of mountain boots {steadfast, rC+}
 34746 | Spider:4 | Reached XP level 18. HP: 151/171 MP: 24/24
 35236 | Orc:2    | Bought a ring of see invisible for 225 gold pieces
 35237 | Orc:2    | Bought a potion of curing for 111 gold pieces
 35238 | Orc:2    | Bought a potion of haste for 150 gold pieces
 35485 | Shoals:1 | Entered Level 1 of the Shoals
 35590 | Shoals:1 | Reached skill level 5 in Dodging
 35651 | Shoals:1 | Found Udwona's Book Shop.
 36168 | Shoals:1 | Received a gift from Okawaru
 36493 | Shoals:2 | Found a transporter.
 36493 | Shoals:2 | Noticed Sink's ghost (adept MiBe)
 36565 | Shoals:2 | Found a transporter.
 36568 | Shoals:2 | Found a bloodstained altar of Trog.
 37093 | Shoals:3 | Found Lupso's Magic Scroll Shoppe.
 37106 | Shoals:3 | Bought a scroll of teleportation for 45 gold pieces
 37106 | Shoals:3 | Bought a scroll of fog for 30 gold pieces
 37461 | Shoals:3 | Reached skill level 17 in Armour
 37462 | Shoals:3 | Received a gift from Okawaru
 38157 | Shoals:4 | Entered Level 4 of the Shoals
 38173 | Shoals:4 | Received a gift from Okawaru
 38759 | Shoals:4 | Identified the +4 broad axe of Temperance {vorpal, rElec
                  | Will- Str+4 Dex+2} (Okawaru gifted it to you on level 4 of
                  | the Shoals)
 38759 | Shoals:4 | Received a gift from Okawaru
 38769 | Shoals:4 | Identified the +0 scale mail of Lesser Demons {Dex+3}
 38935 | Shoals:4 | Got a barnacled rune of Zot
 40264 | Shoals:4 | Received a gift from Okawaru
 40563 | Elf:1    | Entered Level 1 of the Elven Halls
 40605 | Elf:1    | Paralysed by an air elemental for 1 turns
 40636 | Elf:1    | Received a gift from Okawaru
 40679 | Elf:1    | Noticed Frances
 40692 | Elf:1    | Killed Frances
 40701 | Elf:1    | Paralysed by an air elemental for 1 turns
 40706 | Elf:1    | Paralysed by an air elemental for 1 turns
 40714 | Elf:1    | Paralysed by an air elemental for 1 turns
 40718 | Elf:1    | Reached XP level 19. HP: 163/182 MP: 25/25
 40727 | Elf:1    | Identified the +1 ring mail of the Shining Light {*Slow
                  | +Blink rPois rC+ Dex+4} (Okawaru gifted it to you on level
                  | 1 of the Elven Halls)
 40727 | Elf:1    | Received a gift from Okawaru
 41663 | Elf:1    | Found a radiant altar of Vehumet.
 41885 | Elf:1    | Found Voviatir's Weapon Shoppe.
 42657 | Elf:2    | Found a runed translucent gate.
 42658 | Elf:2    | Found a runed translucent gate.
 42658 | Elf:2    | Found a runed translucent gate.
 43167 | Elf:2    | Reached skill level 18 in Armour
 43813 | Elf:2    | Received a gift from Okawaru
 44096 | Elf:3    | Entered Level 3 of the Elven Halls
 44951 | Elf:3    | Received a gift from Okawaru
 44966 | Elf:3    | Found Caekh's Jewellery Boutique.
 44966 | Elf:3    | Found Doen's Book Shoppe.
 44968 | Elf:3    | Found Befit's Jewellery Boutique.
 44987 | Elf:3    | Bought the ring "Lakham" {rPois rN+ Int+3 SInv Stlth-} for
                  | 564 gold pieces
 45912 | Abyss:2  | Cast into level 2 of the Abyss (a deep elf demonologist)
 46265 | Abyss:2  | Gained mutation: Armour fits poorly on your strangely
                  | shaped body. [a neqoxec]
 46530 | Abyss:2  | Gained mutation: You occasionally lose the ability to read
                  | scrolls when taking damage. [a cacodemon]
 46536 | Abyss:2  | Gained mutation: You are weak. (Str -2) [a cacodemon]
 46542 | Abyss:2  | Noticed a profane servitor
 46554 | Abyss:2  | Found a corrupted altar of Lugonu.
 46746 | Abyss:2  | Received a gift from Okawaru
 46764 | Abyss:2  | Reached XP level 20. HP: 120/193 MP: 26/26
 46850 | Abyss:2  | Gained mutation: You are clumsy. (Dex -2) [a neqoxec]
 46883 | Elf:3    | Escaped the Abyss
 46885 | Elf:3    | Noticed a Brimstone Fiend
 46898 | Elf:3    | Lost mutation: You occasionally lose the ability to read
                  | scrolls when taking damage. [potion of mutation]
 46898 | Elf:3    | Lost mutation: You are weak. (Str -2) [potion of mutation]
 46898 | Elf:3    | Gained mutation: You have sharp toenails. [potion of
                  | mutation]
 46955 | Elf:3    | Received a gift from Okawaru
 47321 | Elf:3    | Received a gift from Okawaru
 47832 | Elf:3    | Received a gift from Okawaru
 48022 | Elf:3    | Reached skill level 19 in Armour
 48350 | Elf:3    | Received a gift from Okawaru
 48491 | Elf:3    | Received a gift from Okawaru
 48496 | Elf:3    | Identified the +1 scale mail of Watchfulness {Str+4 Dex+3}
 48853 | Elf:3    | Got the Catalogue of Spelunking and Glamour
 48925 | Elf:3    | Identified the +2 scale mail of the Evening Star {-Cast
                  | Drain rC++ Regen+}
 48944 | Elf:3    | Got Sif Muna's Textbook on Graupel and Moulding
 49403 | Depths:1 | Entered Level 1 of the Depths
 49590 | Depths:1 | Lost mutation: You have sharp toenails. [potion of
                  | mutation]
 49590 | Depths:1 | Lost mutation: Armour fits poorly on your strangely shaped
                  | body. [potion of mutation]
 49590 | Depths:1 | Lost mutation: You are clumsy. (Dex -2) [potion of
                  | mutation]
 49590 | Depths:1 | Gained mutation: You are occasionally teleported next to
                  | monsters. [potion of mutation]
 49590 | Depths:1 | Gained mutation: You have an increased reservoir of magic.
                  | (+10% MP) [potion of mutation]
 49590 | Depths:1 | Gained mutation: You have sharp toenails. [potion of
                  | mutation]
 49590 | Depths:1 | Gained mutation: You have hidden genetic potential. [potion
                  | of mutation]
 49591 | Depths:1 | Lost mutation: You have hidden genetic potential. [potion
                  | of mutation]
 49591 | Depths:1 | Lost mutation: You have an increased reservoir of magic.
                  | (+10% MP) [potion of mutation]
 49591 | Depths:1 | Gained mutation: You do not regenerate when monsters are
                  | visible. [potion of mutation]
 49592 | Depths:1 | Lost mutation: You have sharp toenails. [potion of
                  | mutation]
 49592 | Depths:1 | Lost mutation: You do not regenerate when monsters are
                  | visible. [potion of mutation]
 49592 | Depths:1 | Gained mutation: You have supernaturally acute eyesight.
                  | (SInv) [potion of mutation]
 49592 | Depths:1 | Gained mutation: You are partially covered in iridescent
                  | scales. (AC +2) [potion of mutation]
 49592 | Depths:1 | Gained mutation: You expend magic power (3 MP) to
                  | strengthen your wands. [potion of mutation]
 49593 | Depths:1 | Lost mutation: You are occasionally teleported next to
                  | monsters. [potion of mutation]
 49593 | Depths:1 | Lost mutation: You have supernaturally acute eyesight.
                  | (SInv) [potion of mutation]
 49593 | Depths:1 | Lost mutation: You are partially covered in iridescent
                  | scales. (AC +2) [potion of mutation]
 49593 | Depths:1 | Gained mutation: You are frail. (-10% HP) [potion of
                  | mutation]
 49593 | Depths:1 | Gained mutation: Your flesh is cold resistant. (rC+)
                  | [potion of mutation]
 49612 | Depths:1 | Received a gift from Okawaru
 49716 | Depths:1 | Identified the +1 pair of boots "Jueff" {Dex+4} (Okawaru
                  | gifted it to you on level 1 of the Depths)
 49716 | Depths:1 | Received a gift from Okawaru
 49824 | Depths:1 | Reached skill level 10 in Dodging
 50241 | Depths:1 | Reached skill level 15 in Throwing
 51033 | Depths:1 | Reached XP level 21. HP: 170/183 MP: 27/27
 51224 | Depths:1 | Found a gateway to Hell.
 51307 | Depths:1 | Noticed Saint Roka
 51334 | Depths:1 | Killed Saint Roka
 51334 | Depths:1 | Identified the +0 chain mail of the Archfiend {*Corrode rF+
                  | Slay+3} (Okawaru gifted it to you on level 1 of the Depths)
 51334 | Depths:1 | Received a gift from Okawaru
 51957 | Depths:1 | Found a radiant altar of Vehumet.
 52353 | Vaults:1 | Entered Level 1 of the Vaults
 53109 | Vaults:1 | Found Jesil's Magic Scroll Shop.
 53149 | Vaults:1 | Reached skill level 20 in Armour
 53179 | Vaults:1 | Bought a scroll of magic mapping for 66 gold pieces
 53179 | Vaults:1 | Bought a scroll of teleportation for 57 gold pieces
 54001 | Vaults:1 | Identified the amulet of the Centipede {+Blink Regen+
                  | Stlth+}
 54594 | Vaults:1 | Received a gift from Okawaru
 55909 | Shoals:2 | Killed Sink's ghost
 55925 | Shoals:2 | Identified the +0 cloak "Pacviutu" {Regen+ Int+2}
 56187 | D:11     | Bought a glowing plate armour for 702 gold pieces
 56188 | D:11     | Bought a glowing plate armour for 702 gold pieces
 56346 | Vaults:2 | Paralysed by a great orb of eyes for 3 turns
 56512 | Vaults:2 | Found Hosom's Armour Shop.
 56540 | Vaults:2 | Received a gift from Okawaru
 56558 | Vaults:2 | Reached XP level 22. HP: 160/193 MP: 28/28
 57051 | Vaults:2 | Received a gift from Okawaru
 57282 | Vaults:2 | Found a staircase to the Crypt.
 57282 | Vaults:2 | Found a basalt altar of Yredelemnul.
 57283 | Vaults:2 | Found an ancient bone altar of Kikubaaqudgha.
 59242 | Vaults:4 | Reached skill level 21 in Armour
 59359 | Vaults:4 | Identified the +5 plate armour "Koizetit" {-Tele Rampage
                  | Str+9 Dex-4}
 59393 | Vaults:4 | Received a gift from Okawaru
 59845 | Vaults:4 | Noticed Bai Suzhen
 59858 | Vaults:4 | Killed Bai Suzhen
 59877 | Vaults:4 | Received a gift from Okawaru
 60773 | Vaults:4 | Found a runed translucent gate.
 60773 | Vaults:4 | Found a runed translucent gate.
 60773 | Vaults:4 | Found a runed translucent gate.
 60773 | Vaults:4 | Noticed gdog's ghost (veteran GnDe)
 60885 | Vaults:4 | Found a roughly hewn altar of Beogh.
 60885 | Vaults:4 | Found the +3 crown of Dyrovepreva {rElec Int+2 SInv}
 61659 | Vaults:4 | Received a gift from Okawaru
 61683 | Vaults:4 | Killed gdog's ghost
 61708 | Vaults:4 | Identified the +0 cloak of Ujugog {Int+8}
 61793 | Vaults:5 | Entered Level 5 of the Vaults
 61887 | Vaults:5 | Noticed a dread lich
 61888 | Vaults:5 | Noticed a golden dragon
 61963 | Vaults:4 | Reached skill level 22 in Armour
 62234 | Vaults:4 | Killed a dread lich
 62234 | Vaults:4 | Received a gift from Okawaru
 62235 | Vaults:4 | Reached XP level 23. HP: 164/204 MP: 29/29
 62642 | Vaults:4 | Killed a golden dragon
 63062 | Vaults:4 | Paralysed by a sphinx for 2 turns
 64088 | Vaults:5 | Received a gift from Okawaru
 64255 | Vaults:5 | Received a gift from Okawaru
 64269 | Vaults:5 | Noticed an ancient lich
 64813 | Vaults:4 | Killed an ancient lich
 65205 | Vaults:4 | Received a gift from Okawaru
 65593 | Vaults:4 | Reached skill level 15 in Dodging
 65635 | Vaults:5 | Noticed a golden dragon
 65638 | Vaults:4 | Gained mutation: You are very frail. (-20% HP) [a shining
                  | eye]
 65641 | Vaults:4 | Reached skill level 23 in Armour
 65641 | Vaults:4 | Lost mutation: You are very frail. (-20% HP) [potion of
                  | mutation]
 65641 | Vaults:4 | Lost mutation: Your flesh is cold resistant. (rC+) [potion
                  | of mutation]
 65641 | Vaults:4 | Lost mutation: You expend magic power (3 MP) to strengthen
                  | your wands. [potion of mutation]
 65641 | Vaults:4 | Lost mutation: You are frail. (-10% HP) [potion of
                  | mutation]
 65641 | Vaults:4 | Gained mutation: You are strong-willed. (Will+) [potion of
                  | mutation]
 65641 | Vaults:4 | Gained mutation: You have large cloven feet. [potion of
                  | mutation]
 65832 | Vaults:5 | Killed a golden dragon
 65832 | Vaults:5 | Received a gift from Okawaru
 65835 | Vaults:5 | Noticed a dread lich
 65917 | Vaults:4 | Paralysed by a dread lich for 4 turns
 65923 | Vaults:4 | Killed a dread lich
 67191 | Vaults:5 | Got a silver rune of Zot
 67547 | Vaults:5 | Identified the +1 pair of gloves of the Gods {rElec Slay+2}
 67705 | Vaults:5 | Noticed a dread lich
 67724 | Vaults:5 | Killed a dread lich
 68110 | Vaults:5 | Found Loif's Jewellery Shop.
 68279 | Vaults:5 | Acquired a manual of Translocations
 68284 | Vaults:5 | Learned a level 2 spell: Blink
 68908 | Depths:2 | Found a one-way gate to the infinite horrors of the Abyss.
 69188 | Depths:2 | Reached skill level 1 in Translocations
 69191 | Depths:2 | Reached XP level 24. HP: 156/238 MP: 29/29
 69208 | Depths:1 | Identified the +0 pair of boots of Sovereignty {rPois
                  | Regen+ Str+2 Dex+4} (Okawaru gifted it to you on level 1 of
                  | the Depths)
 69208 | Depths:1 | Received a gift from Okawaru
 69617 | Depths:2 | Found Heiclok's Antique Weapon Boutique.
 69644 | Depths:2 | Reached skill level 24 in Armour
 69746 | Depths:2 | Found a one-way gate leading to the halls of Pandemonium.
 70080 | Depths:2 | Got the Quarto of Fey Transfiguration
 70829 | Depths:3 | Reached skill level 5 in Translocations
 70882 | Depths:3 | Noticed a caustic shrike
 70896 | Depths:3 | Killed a caustic shrike
 70912 | Depths:3 | Identified the +1 ring mail "Kexkic" {+Blink MP+9 Slay+2}
                  | (Okawaru gifted it to you on level 3 of the Depths)
 70912 | Depths:3 | Received a gift from Okawaru
 70949 | Depths:3 | Noticed a caustic shrike
 70956 | Depths:3 | Killed a caustic shrike
 72092 | Depths:3 | Reached skill level 25 in Armour
 72278 | Depths:3 | Found a shimmering blue altar of Sif Muna.
 72279 | Depths:3 | Found a broken altar of Ashenzari.
 72280 | Depths:3 | Found a burning altar of Makhleb.
 72280 | Depths:3 | Found a shimmering altar of Xom.
 72548 | Depths:3 | Found a one-way gateway to a ziggurat.
 72876 | Depths:3 | Found a portal to a secret trove of treasure.
 72885 | Trove    | Entered a treasure trove
 72894 | Trove    | Identified the +3 pair of boots "Jomypt" {rC+ Dex+3 Stlth+}
 72896 | Trove    | Identified the +2 pair of boots of Naoh {Str-4 Dex+4}
 72911 | Trove    | Identified the +2 pair of gloves "Kekhlam" {*Corrode rElec
                  | rF++ Str+4}
 72912 | Trove    | Identified the +5 kite shield of Hedging {rElec rN+ Will+
                  | Str-5}
 72913 | Trove    | Identified the +1 hat of the Beginning {rF+ rC+}
 72914 | Trove    | Identified the +1 crystal plate armour of Fortitude {Will+}
 72915 | Trove    | Identified the -1 helmet of Caog {Str+4}
 72916 | Trove    | Identified the -1 pair of boots of the Battered Lives
                  | {Str+2}
 72917 | Trove    | Identified the +1 scale mail of Spring {Fly}
 73031 | Depths:4 | Entered Level 4 of the Depths
 73118 | Depths:4 | Reached XP level 25. HP: 244/249 MP: 29/29
 73372 | Depths:4 | Found a broken altar of Ashenzari.
 74081 | Depths:4 | Found a radiant altar of Vehumet.
 74218 | Depths:4 | Noticed Jory
 74227 | Depths:4 | Killed Jory
 74326 | Depths:4 | Noticed Vv
 74948 | Depths:4 | Killed Vv
 75962 | Depths:4 | Found a gate to the Realm of Zot.
 76122 | Depths:4 | Reached skill level 26 in Armour
 76203 | Depths:4 | Noticed Boris
 76213 | Depths:4 | Killed Boris
 76300 | Depths:4 | Noticed the Enchantress
 76324 | Depths:4 | Killed the Enchantress
 76520 | Depths:4 | Found a hide-covered altar of Uskayaw.
 76631 | Depths:4 | Found a stormy altar of Qazlal.
 76993 | Zot:1    | Entered Level 1 of the Realm of Zot
 77123 | Zot:1    | Received a gift from Okawaru
 77167 | Zot:1    | Found a huge runed gate.
 77167 | Zot:1    | Found a huge runed gate.
 77167 | Zot:1    | Found a huge runed gate.
 77167 | Zot:1    | Found a huge runed gate.
 77167 | Zot:1    | Found a huge runed gate.
 77168 | Zot:1    | Found a huge runed gate.
 77169 | Zot:1    | Found a huge runed gate.
 77170 | Zot:1    | Found a huge runed gate.
 77171 | Zot:1    | Found a huge runed gate.
 77172 | Zot:1    | Found a huge runed gate.
 77173 | Zot:1    | Found a huge runed gate.
 77174 | Zot:1    | Found a huge runed gate.
 77175 | Zot:1    | Found a huge runed gate.
 77176 | Zot:1    | Found a huge runed gate.
 77184 | Zot:1    | Found a huge runed gate.
 77184 | Zot:1    | Found a huge runed gate.
 77184 | Zot:1    | Found a huge runed gate.
 77184 | Zot:1    | Found a huge runed gate.
 77194 | Zot:1    | Reached skill level 10 in Translocations
 77198 | Zot:1    | Found a huge runed gate.
 77202 | Zot:1    | Found a huge runed gate.
 77203 | Zot:1    | Found a huge runed gate.
 77204 | Zot:1    | Found a huge runed gate.
 77270 | Zot:1    | Found a huge runed gate.
 77275 | Zot:1    | Found a huge runed gate.
 77275 | Zot:1    | Found a huge runed gate.
 77275 | Zot:1    | Found a huge runed gate.
 77275 | Zot:1    | Found a huge runed gate.
 77275 | Zot:1    | Found a huge runed gate.
 77276 | Zot:1    | Found a huge runed gate.
 77277 | Zot:1    | Found a huge runed gate.
 77278 | Zot:1    | Found a huge runed gate.
 77279 | Zot:1    | Found a huge runed gate.
 77381 | Zot:1    | Noticed an orb of fire
 77382 | Zot:1    | Gained mutation: You are weak. (Str -2) [an orb of fire]
 77384 | Zot:1    | Gained mutation: Your body sometimes deteriorates upon
                  | taking damage. [an orb of fire]
 77385 | Zot:1    | Gained mutation: You do not regenerate when monsters are
                  | visible. [an orb of fire]
 77388 | Zot:1    | Gained mutation: Your body often deteriorates upon taking
                  | damage. [an orb of fire]
 77407 | Zot:1    | Killed an orb of fire
 77555 | Zot:1    | Lost mutation: Your body often deteriorates upon taking
                  | damage. [potion of mutation]
 77555 | Zot:1    | Lost mutation: You are weak. (Str -2) [potion of mutation]
 77555 | Zot:1    | Gained mutation: You are robust. (+10% HP) [potion of
                  | mutation]
 77663 | Zot:1    | Found a huge runed gate.
 77663 | Zot:1    | Found a huge runed gate.
 77663 | Zot:1    | Found a huge runed gate.
 77665 | Zot:1    | Found a huge runed gate.
 77829 | Zot:1    | Received a gift from Okawaru
 78006 | Zot:1    | Noticed a Killer Klown
 78006 | Zot:1    | Noticed a Killer Klown
 78024 | Zot:1    | Killed a Killer Klown
 78025 | Zot:1    | Reached XP level 26. HP: 282/286 MP: 25/29
 78036 | Zot:1    | Killed a Killer Klown
 78435 | Zot:1    | Noticed a Killer Klown
 78435 | Zot:1    | Noticed a Killer Klown
 78435 | Zot:1    | Noticed an orb of fire
 78435 | Zot:1    | Noticed a dread lich
 78435 | Zot:1    | Noticed a dread lich
 78435 | Zot:1    | Noticed a dread lich
 78452 | Zot:1    | Killed a Killer Klown
 78452 | Zot:1    | Received a gift from Okawaru
 78454 | Zot:1    | Killed an orb of fire
 78464 | Zot:1    | Killed a Killer Klown
 78465 | Zot:1    | Killed a dread lich
 78474 | Zot:1    | Killed a dread lich
 78475 | Zot:1    | Killed a dread lich
 78659 | Zot:1    | Identified the +11 halberd "Rutux" {flame, Dex+2}
 78792 | Zot:2    | Learned a level 4 spell: Passage of Golubria
 78843 | Zot:2    | Received a gift from Okawaru
 78864 | Zot:2    | Reached skill level 27 in Armour
 79067 | Zot:2    | Identified the +1 pair of gloves of Agnosticism {Harm
                  | Regen+ Slay+5 SInv} (Okawaru gifted it to you on level 2 of
                  | the Realm of Zot)
 79067 | Zot:2    | Received a gift from Okawaru
 79396 | Zot:2    | Identified the +12 battleaxe "Gomuh" {holy, Dex+4}
 79481 | Zot:2    | Noticed a Killer Klown
 79483 | Zot:2    | Noticed a Killer Klown
 79511 | Zot:2    | Killed a Killer Klown
 79514 | Zot:2    | Killed a Killer Klown
 79528 | Zot:2    | Noticed a Killer Klown
 79542 | Zot:2    | Killed a Killer Klown
 79571 | Zot:2    | Identified the +2 ring mail of Hewumiw {Str-3 Int+3 Dex+2}
 79686 | Zot:2    | Noticed a Killer Klown
 79700 | Zot:2    | Found a large runed translucent door.
 79702 | Zot:2    | Found a large runed translucent door.
 79731 | Zot:2    | Killed a Killer Klown
 79732 | Zot:2    | Found a large runed translucent door.
 79734 | Zot:2    | Found a shimmering altar of Xom.
 79735 | Zot:2    | Found a large runed translucent door.
 79735 | Zot:2    | Found a large runed translucent door.
 79736 | Zot:2    | Found a large runed translucent door.
 79745 | Zot:2    | Found a large runed translucent door.
 79745 | Zot:2    | Found a large runed translucent door.
 79747 | Zot:2    | Noticed a Killer Klown
 79778 | Zot:2    | Identified the +2 longbow "Daewy" {vorpal, Dex+6}
 79781 | Zot:2    | Noticed a Killer Klown
 79789 | Zot:2    | Killed a Killer Klown
 79815 | Zot:2    | HP: 13/290 [death cob (7)]
 79816 | Zot:2    | Killed from afar by a Killer Klown

Illustrated notes

Levels and vault maps discovered:
D:1:      lemuel_arrival_river_ford, layout_basic,
          nicolae_ecumenical_lake_church, st_stairs_5, minmay_pentomino_s2
D:2:      layout_rooms
D:3:      layout_basic, lemuel_tele_altar, mainiacjoe_overflow_catwalk
D:4:      layout_loops_ring, trog_wizard, chei_slow_surprise,
          mainiacjoe_overflow_surrounded_room, uniq_blork_the_orc, uniq_robin,
          uniq_ijyb
D:5:      nicolae_cairo_tiling, layout_rooms, amcnicky_altar_gilded,
          minmay_temple_entry_metal_lava, serial_park_tiny_2
D:6:      layout_cave_pools, uniq_eustachio, uniq_pikel, uniq_maggie
D:7:      layout_gridville
D:8:      layout_basic, mainiacjoe_overflow_24_doors, dpeg_lair_monsters,
          uniq_joseph
D:9:      layout_loops_ring, mainiacjoe_overflow_six_doors_small,
          grunt_decor_clamped
D:10:     layout_basic
D:11:     layout_roguey, orc_0_dummy, serial_shops, nicolae_shop_hallway_stairs,
          shop
D:12:     layout_small_grid, uniq_nessos
D:13:     layout_basic, erik_vaults_2, minmay_puff, uniq_kirke
D:14:     layout_cave_pools, serial_bayou_pond_b, solitary_fountain,
          serial_park_tiny_pond, kennysheep_generic_room_3
D:15:     hangedman_depths_entry_try_elsewhere_first, layout_basic,
          lemuel_coloured_pillars_altar
Temple:   zaba_magenta_temple
Lair:1:   layout_cave_pods, infiniplex_staircase_pool_2
Lair:2:   layout_loops_ring, nicolae_volcano_entry_two_sided, uniq_harold
Lair:3:   layout_misc_corridors, nicolae_spider_entry_tight_spaces,
          cheibrodos_lair_lostbears
Lair:4:   layout_cellular_growth, elwin_shoals_entry_rocks
Lair:5:   layout_hall_layers, slime_entry_1, grunt_forest_small_clearing_treed
Lair:6:   guppyfry_lair_end_dragon, layout_loops_ring, minivault_19
Shoals:1: layout_shoals, serial_shops, shop_statue
Shoals:2: layout_shoals, gammafunk_ghost_wrathful_warriors
Shoals:3: layout_shoals, serial_shops, shop,
          nicolae_shoals_nymph_descending_staircase
Shoals:4: shoals_end_simple, layout_shoals
Spider:1: layout_spider_delve
Spider:2: layout_spider_delve, nicolae_arachne_temple
Spider:3: layout_spider_delve
Spider:4: johnstein_spider_rune_arachne_lair, special_room [special_room_bee],
          nicolae_crawler_farm
Orc:1:    layout_caves, serial_shops, nicolae_shop_advertising_works
          [nicolae_subvault_shop_adworks]
Orc:2:    st_orc_mages, layout_caves, serial_shops, nicolae_shop_stone,
          ebering_ghost_reflecting_pool
Elf:1:    layout_loops_cross, serial_shops, shop_coins, basic_altar,
          minivault_28, minmay_curled_crystal, uniq_frances
Elf:2:    nicolae_elf_blades_crystal_corner, layout_geoelf_grid
Elf:3:    minmay_elf_hall_golems, layout_gridlike, grunt_megastairs_5,
          minmay_shop_grove
Vaults:1: v_misc_5, nicolae_vaults_ring_of_whatevers, ontoclasm_vaults_gallery,
          v_misc_9, v_misc_33, vaults_mumra_hex, vaults_mumra_hexcomb,
          nicolae_vaults_specimen_jars, v_pattern_3, layout_vaults_omnigrid,
          serial_shops, nicolae_diamond_shop
Vaults:2: hangedman_vaults_trim, minmay_crypt_entry_necro_gods, serial_ice_h,
          nicolae_vaults_border_crossing, vaults_room_fancy_cross,
          hangedman_vaults_pinch, v_misc_23, v_pattern_5, v_misc_31,
          vaults_mumra_minichess_inversion, nicolae_vaults_angled_halls,
          layout_vaults_ring, serial_shops, shop
Vaults:3: vaults_room_ringed_pool, v_misc_18, v_misc_5, v_misc_9,
          vaults_dpeg_hooks, nicolae_vaults_little_squares_6,
          layout_vaults_omnicross
Vaults:4: biasface_ghost_orc_armoury, v_misc_30, hangedman_vaults_hat,
          nicolae_vaults_network_s, vaults_standard_mumra_enter_the_diamond,
          hangedman_vaults_slice, hangedman_vaults_trim, st_cross,
          nicolae_vaults_little_squares_1, hangedman_vaults_corner_blocks,
          nicolae_vaults_rhombus_5, nicolae_vaults_circle_grid_a,
          layout_vaults_omnibox, uniq_bai_suzhen
Vaults:5: serial_shops
Depths:1: grunt_deathspiral_small, layout_honeycomb, hell_entry,
          grunt_decor_fettered, dk_noncrumbling_2, fiery_altar_vehumet,
          uniq_saint_roka
Depths:2: minmay_skeleton_keep, layout_cave_pools, abyss_entry,
          serial_column_ruins, column_ruins_portal_hut,
          column_ruins_circle_medium, column_ruins_grid_4, column_ruins_grid_1,
          column_ruins_open_tiny, column_ruins_grid_1, column_ruins_grid_1,
          column_ruins_open_tiny, column_ruins_columns_corner, grunt_hell_horde,
          rand_demon_pan_entry_5, serial_shops, nicolae_stop_n_shop_2
Depths:3: minmay_the_grid_octo_triangle [minmay_the_grid_octo_focus,
          minmay_the_grid_octo_prize_square_snowflake,
          minmay_the_grid_octo_shrine], layout_gridlike, enter_ziggurat_b,
          abyss_entry, nicolae_trove_entry_crystal, hell_entry
Depths:4: grunt_profane_halls [grunt_profane_temple_dis,
          grunt_profane_temple_geh, grunt_profane_temple_tar,
          grunt_profane_temple_coc, grunt_zot_portal], hell_entry, uniq_jory,
          uniq_boris, uniq_enchantress, uniq_vv
Zot:1:    circus_mu, layout_cathedral_of_symmetry, grunt_ministairs_2,
          door_vault
Zot:2:    layout_misc_corridors, hangedman_xom_zot_hilarity

Skill      XL: |  1  2  3  4  5  6  7  8  9 10 11 12 13 14 15 16 17 18 19 20 21 22 23 24 25 26 |
---------------+-------------------------------------------------------------------------------+-----
Axes           | 3 4 5 6 7 8 10 12 13 15 17 19 21 22 24 | 24.0
Fighting       | 4 5 6 7 8 9 11 12 13 14 15 16 17 19 20 21 22 23 24 25 26 | 26.5
Armour         | 4 5 6 7 8 10 11 12 13 14 15 16 17 18 19 20 22 23 25 26 27 | 27.0
Invocations    | 2 4 6 8 |  8.5
Throwing       | 3 5 7 8 9 10 12 13 14 15 16 | 16.0
Dodging        | 4 6 8 10 13 14 15 16 17 | 17.4
Translocations | 1 7 10 11 | 11.8
Shields        | |  3.2

Action                   |  1- 3 |  4- 6 |  7- 9 | 10-12 | 13-15 | 16-18 | 19-21 | 22-24 | 25-27 || total
-------------------------+-------+-------+-------+-------+-------+-------+-------+-------+-------++-------
Melee: War axe           |    89 |   146 |   259 |   216 |       |       |       |       |       ||   710
       Battleaxe         |       |       |       |   153 |   560 |     4 |     4 |       |    48 ||   769
       Executioner's axe |       |       |       |       |   157 |  1064 |  1198 |  1270 |   643 ||  4332
 Fire: Sling             |       |       |       |     7 |       |       |       |       |       ||     7
Throw: Boomerang         |       |       |       |    58 |   181 |   214 |   250 |       |    17 ||   720
       Javelin           |       |       |       |       |    64 |    50 |    62 |    84 |   110 ||   370
 Cast: Blink             |       |       |       |       |       |       |       |       |     1 ||     1
Invok: Heroism           |       |       |     4 |     6 |     7 |     4 |     1 |     2 |     1 ||    25
       Finesse           |       |       |       |       |     1 |     2 |     2 |     7 |     3 ||    15
  Use: Scroll            |       |       |    16 |    12 |    18 |     6 |    10 |     8 |     9 ||    79
       Potion            |       |       |       |     1 |     1 |     6 |     6 |     3 |     6 ||    23
 Stab: Invisible         |       |       |       |       |       |       |     1 |       |       ||     1
       Distracted        |       |       |       |       |       |       |     1 |       |       ||     1
Armor: Scale mail        |    48 |     4 |       |       |       |       |       |       |       ||    52
       Chain mail        |       |    74 |   114 |       |       |       |       |       |       ||   188
       Plate armour      |       |       |    32 |   170 |   471 |  1007 |   679 |   861 |       ||  3220
       Crystal plate arm |       |       |       |       |       |       |       |     6 |   475 ||   481
Dodge: Dodged            |    32 |    37 |    99 |   124 |   243 |   407 |   392 |   525 |   326 ||  2185
Block: Buckler           |    17 |    33 |    62 |    26 |       |       |       |       |       ||   138
       Other             |       |       |       |       |     6 |   229 |   141 |   190 |   105 ||   671
       Reflection        |       |       |       |       |     1 |    11 |    16 |    31 |     2 ||    61

Table legend: (Time is in decaauts)
 A = Elapsed time spent in this place.
 B = Non-inter-level travel time spent in this place.
 C = Inter-level travel time spent in this place.
 D = Time resting spent in this place.
 E = Time spent auto-exploring this place.
 F = Levels seen in this place.
 G = Mean time per level.
                   A        B        C        D        E       F      G
               +--------+--------+--------+--------+--------+-----+--------+
         Total |  78784 |  74952 |   3832 |  24553 |  27086 |  49 | 1607.8 |
       Dungeon |  18630 |  16941 |   1689 |   2173 |  12119 |  15 | 1242.0 |
        Temple |     61 |     61 |      0 |      0 |      0 |   1 |   61.0 |
          Lair |   7665 |   6852 |    813 |    417 |   5378 |   6 | 1277.5 |
        Shoals |   5166 |   5026 |    140 |   1589 |    884 |   4 | 1291.5 |
   Spider Nest |   7500 |   7438 |     62 |   4036 |    803 |   4 | 1875.0 |
  Orcish Mines |   2470 |   2298 |    172 |    389 |   1103 |   2 | 1235.0 |
   Elven Halls |   7573 |   7354 |    219 |   3496 |    483 |   3 | 2524.3 |
        Vaults |  15128 |  14648 |    480 |   6983 |   2259 |   5 | 3025.6 |
        Depths |  10496 |  10282 |    214 |   4090 |   3484 |   4 | 2624.0 |
           Zot |   2715 |   2675 |     40 |    886 |    573 |   2 | 1357.5 |
         Abyss |    951 |    951 |      0 |    489 |      0 |   1 |  951.0 |
         Trove |     72 |     72 |      0 |      0 |      0 |   1 |   72.0 |
       Volcano |    351 |    351 |      0 |      2 |      0 |   1 |  351.0 |
               +--------+--------+--------+--------+--------+-----+--------+

Top non-repeatable levels by time:
Vaults:4: 7169 daAuts
   Elf:3: 4057 daAuts
Depths:4: 3284 daAuts
Depths:1: 3193 daAuts
    D:13: 2708 daAuts
Vaults:1: 2575 daAuts
Spider:4: 2563 daAuts
Spider:2: 2408 daAuts
Shoals:4: 2165 daAuts
Vaults:5: 2142 daAuts
     D:8: 2137 daAuts
Depths:2: 2087 daAuts
Depths:3: 1931 daAuts
   Elf:1: 1784 daAuts
   Elf:2: 1731 daAuts
